 Dungeon Crawl Stone Soup version 0.19.1 (webtiles) character file.

499 Gargoyl the Skirmisher (level 7, 0/60 HPs)
             Began as a Ghoul Abyssal Knight on Dec 22, 2016.
             Was a Believer of Lugonu.
             Slain by Dowan
             ... wielding a +3 dagger of venom
              (4 damage)
             ... on level 4 of the Dungeon.
             The game lasted 00:09:18 (4273 turns).

Gargoyl the Skirmisher (Ghoul Abyssal Knight)       Turns: 4273, Time: 00:09:18

Health: 0/60       AC:  7    Str: 16    XL:     7   Next: 16%
Magic:  17/17      EV: 11    Int:  7    God:    Lugonu [**....]
Gold:   155        SH:  0    Dex: 10    Spells: 0 memorised, 6 levels left

rFire  . . .     SeeInvis .     f - +0 broad axe
rCold  + . .     Gourm    .     k - +0 ring mail (curse)
rNeg   + + +     Faith    .     (no shield)
rPois  ∞         Spirit   .     (no helmet)
rElec  .         Reflect  .     p - +0 cloak
rCorr  .         Harm     .     (no gloves)
MR     .....                    (no boots)
Stlth  ..........               (no amulet)
                                (no ring)
                                i - ring of magical power

@: flying, very slightly contaminated, rotting, hasted, invisible, very quick
A: rotting body, claws 1, carnivore 3, cold resistance 1, negative energy
resistance 3, slow regeneration 1, torment resistance, unbreathing
a: Depart the Abyss, Bend Space, Renounce Religion


You were on level 4 of the Dungeon.
You worshipped Lugonu.
Lugonu was pleased with you.
You were not hungry.

You visited 1 branch of the dungeon, and saw 4 of its levels.
You visited the Abyss 1 time.

You collected 155 gold pieces.

Inventory:

Hand Weapons
 a - a +1 hand axe
 f - a +0 broad axe (weapon)
Missiles
 d - 9 tomahawks (quivered)
Armour
 k - a cursed +0 ring mail (worn)
 p - a +0 cloak (worn)
 q - a +0 chain mail
Jewellery
 i - a ring of magical power (left claw)
Wands
 g - a wand of digging (9/24)
Scrolls
 h - 3 scrolls of identify
 j - a scroll of teleportation
Potions
 b - a potion of magic
 e - a potion of haste
 m - 2 potions of brilliance
 n - a potion of mutation {unknown}
 o - 2 potions of flight
Comestibles
 c - 2 meat rations
 l - 3 chunks of flesh


   Skills:
 + Level 4.5 Fighting
 + Level 3.7 Axes
 + Level 0.1 Throwing
 * Level 4.1 Armour
 + Level 1.9 Dodging
 * Level 3.8 Invocations


You had 6 spell levels left.
You didn't know any spells.

Dungeon Overview and Level Annotations

Branches:
Dungeon (4/15)
 Temple: D:4-7

Altars:

Shops:
D:4 ([(%

Annotations:
D:4 Dowan, Duvessa


Innate Abilities, Weirdness & Mutations

Your body is rotting away.
You thrive on raw meat.
You are immune to poison.
You have sharp fingernails.
You are carnivorous and can eat meat at any time.
Your flesh is cold resistant. (rC+)
You are immune to negative energy. (rN+++)
You regenerate slowly when monsters are visible.
You are immune to unholy pain and torment.
You can survive without breathing.


Message History

It was a potion of invisibility.
You fade into invisibility!
Duvessa hits you but does no damage. Dowan completely misses you.
You are very lightly contaminated with residual magic.
You miss Dowan. You hit Duvessa. Duvessa closely misses you.
Duvessa barely misses you.
Dowan points at you and mumbles some strange words.
The puff of frost misses you.
You hit Dowan.
Dowan is moderately wounded.
You slash Duvessa! Duvessa hits you but does no damage.
Duvessa hits you with a short sword of electrocution.
You are electrocuted!
Dowan barely misses you.
Duvessa hits you with a short sword of electrocution!
* * * LOW HITPOINT WARNING * * *
You are electrocuted!
* * * LOW HITPOINT WARNING * * *
It was a potion of haste.
You feel yourself speed up. Dowan hits you with a dagger of venom.
You die...

###...###.........).#
#...#....∩........#
#.>%#####.........# # #...#
#.........#
##.###...#####.########.
#......8...+.......###..
#.....##..$..##...##.......
##... ###ee.##...###.##'#..
#.. #!##@##.........'∩+..
#.e #..#.#....[..####+#..
#e #......)...#### #.... .
#.............# #####
#.............##
#.......%...∩..######
##########.#.......##
#.####.##..# #.# #.###..


You could see Duvessa and Dowan.

Vanquished Creatures
  A phantom (D:3)
  A scorpion (D:3)
  A bullfrog skeleton (D:4)
  An orc priest (D:4)
  An orc wizard (D:3)
  A worker ant (D:4)
  Natasha (thrice) (D:2)
  A hound skeleton (D:4)
  10 adders
  6 worms
  A dart slug (D:1)
  2 leopard geckos
  4 orcs (D:4)
  9 bats
  6 giant cockroaches
  6 goblins
  6 hobgoblins
  3 jackals (D:2)
  2 quokkas
  3 ball pythons
  A frilled lizard (D:3)
  4 kobolds
  4 rats
77 creatures vanquished.

Notes
Turn   | Place    | Note
-------+----------+-------------------------------------------
     0 | Abyss:1  | Gargoyl the Ghoul Abyssal Knight began the quest for the Orb.
     0 | Abyss:1  | Reached XP level 1. HP: 19/19 MP: 1/1
   126 | Abyss:2  | Noticed a quasit
   131 | D:1      | Escaped the Abyss
   194 | D:1      | Reached XP level 2. HP: 24/26 MP: 2/2
   322 | D:1      | Reached * piety under Lugonu
   602 | D:1      | Reached skill level 1 in Dodging
  1099 | D:2      | Noticed Natasha
  1110 | D:2      | Killed Natasha
  1110 | D:2      | Reached XP level 3. HP: 16/31 MP: 4/4
  1306 | D:2      | Reached XP level 4. HP: 39/39 MP: 5/5
  1518 | D:2      | Noticed Natasha
  1547 | D:2      | Killed Natasha
  1547 | D:2      | Reached XP level 5. HP: 23/46 MP: 6/6
  1857 | D:2      | Noticed Natasha
  1869 | D:2      | Killed Natasha
  2288 | D:3      | Reached ** piety under Lugonu
  2566 | D:3      | Reached XP level 6. HP: 9/52 MP: 7/7
  3074 | D:4      | Found Vuph's Weapon Emporium.
  3162 | D:4      | Found Titod's Armour Shop.
  3180 | D:4      | Found Oroy's Weapon Shop.
  3288 | D:4      | Noticed a phantom
  3797 | D:3      | Killed a phantom
  4079 | D:4      | Reached XP level 7. HP: 58/60 MP: 8/8
  4122 | D:4      | Found Yrghixor's Food Shop.
  4256 | D:4      | Noticed Duvessa
  4256 | D:4      | Noticed Dowan
  4273 | D:4      | Slain by Dowan

Skill      XL: |  1  2  3  4  5  6 |
---------------+-------------------+-----
Armour         | 2 4 |  4.1
Dodging        | 1 |  1.9
Axes           | 2 3 |  3.7
Invocations    | 3 |  3.8
Fighting       | 4 |  4.5
Throwing       | |  0.1

Action                   |  1- 3 |  4- 6 |  7- 9 || total
-------------------------+-------+-------+-------++-------
Melee: Broad axe         |    59 |   248 |    26 ||   333
Throw: Tomahawk          |       |    12 |       ||    12
Invok: Depart the Abyss  |     1 |       |       ||     1
  Use: Potion            |     4 |     4 |     3 ||    11
       Scroll            |     2 |     5 |       ||     7
  Eat: Chunk             |     7 |    27 |     4 ||    38
Armor: Leather armour    |    26 |    34 |       ||    60
       Ring mail         |       |    83 |     8 ||    91
Dodge: Dodged            |    58 |   201 |    22 ||   281
